 Dungeon Crawl Stone Soup version 0.20-a0-681-gf83e07f (webtiles) character file.

1189 nono the Ruffian (level 8, -3/68 HPs)
             Began as a Troll Transmuter on Feb 19, 2017.
             Was a Follower of Cheibriados.
             Slain by a gnoll
             ... wielding a +0 halberd
              (11 damage)
             ... on level 5 of the Dungeon.
             The game lasted 00:13:29 (4943 turns).

nono the Ruffian (Troll Transmuter)                 Turns: 4943, Time: 00:13:29

Health: -3/68      AC:  6    Str: 21    XL:     8   Next: 19%
Magic:  8/8        EV: 12    Int: 13    God:    Cheibriados [*.....]
Gold:   147        SH:  0    Dex: 12    Spells: 5/9 levels left

rFire    . . .     SeeInvis .     - Unarmed
rCold    . . .     Gourm    +   b - +0 robe
rNeg     . . .     Faith    .   (no shield)
rPois    .         Spirit   .   (helmet restricted)
rElec    .         Reflect  .   o - +0 cloak
rCorr    .         Harm     .   (gloves unavailable)
MR       .....                  (boots unavailable)
Stlth    +.........             (no amulet)
Regen    0.7/turn               (no ring)
MPRegen  0.2/turn               w - ring of flight

@: very slow
A: unfitting armour, claws 3, fast metabolism 3, gourmand, regeneration 1,
shaggy fur 1, tough skin 2
a: Bend Time, Renounce Religion, Evoke Flight


You were on level 5 of the Dungeon.
You worshipped Cheibriados.
Cheibriados was aware of your devotion.
You were completely stuffed.

You visited 2 branches of the dungeon, and saw 7 of its levels.

You collected 207 gold pieces.
You spent 60 gold pieces at shops.

Inventory:

Missiles
 a - 128 arrows
 u - 6 large rocks (quivered)
Armour
 b - a +0 robe (worn)
 o - a +0 cloak (worn)
Jewellery
 n - an uncursed ring of ice
 w - a ring of flight (left claw)
Wands
 x - a wand of confusion (13/48)
Scrolls
 e - 5 scrolls of teleportation
 m - 6 scrolls of remove curse
 q - 3 scrolls of identify
 r - a scroll of fear {unknown}
 y - 3 scrolls of blinking {unknown}
 z - a scroll of enchant armour {unknown}
 A - 2 scrolls of magic mapping {unknown}
 D - a scroll of noise {unknown}
 F - a scroll of enchant weapon {unknown}
Potions
 f - 4 potions of curing {unknown}
 g - 2 potions of heal wounds {unknown}
 h - 4 potions of agility {unknown}
 i - a potion of degeneration {unknown}
 j - 2 potions of brilliance {unknown}
 k - 2 potions of mutation {unknown}
 t - 2 potions of cancellation {unknown}
 C - a potion of berserk rage {unknown}
 E - a potion of lignification {unknown}
Books
 c - a book of Changes

   Spells                             Type                      Level
   a - Beastly Appendage              Transmutation                1
   b - Sticks to Snakes               Transmutation                2
   c - Spider Form                    Transmutation/Poison         3
   d - Ice Form                       Ice/Transmutation            4
   e - Blade Hands                    Transmutation                5
 v - a book of Cantrips

   Spells                             Type                      Level
   a - Confusing Touch                Hexes                        1
   b - Animate Skeleton               Necromancy                   1
   c - Summon Small Mammal            Summoning                    1
   d - Apportation                    Translocation                1
 B - a book of Air

   Spells                             Type                      Level
   a - Shock                          Conjuration/Air              1
   b - Swiftness                      Charms/Air                   2
   c - Static Discharge               Conjuration/Air              3
   d - Airstrike                      Air                          4
   e - Lightning Bolt                 Conjuration/Air              5
Comestibles
 d - 6 bread rations
 l - 3 meat rations
 p - 4 royal jellies
 s - a fruit


   Skills:
 - Level 0.7 Fighting
 * Level 5.7 Dodging
 + Level 7.8 Unarmed Combat
 - Level 1.2 Spellcasting
 - Level 1.3 Transmutations


You had 5 spell levels left.
You knew the following spells:

 Your Spells              Type           Power        Failure   Level  Hunger
a - Beastly Appendage     Tmut           #.....       17%         1    ##.....
b - Spider Form           Tmut/Pois      #.........   65%         3    ####...


Dungeon Overview and Level Annotations

Branches:
Dungeon (6/15)             Temple (1/1) D:6

Altars:
Ashenzari
Cheibriados
Fedhas
Hepliaklqana
Kikubaaqudgha
Makhleb
Nemelex Xobeh
Okawaru
Ru
Trog
Uskayaw
Vehumet
Xom
Yredelemnul
Zin

Shops:
D:6 ?


Innate Abilities, Weirdness & Mutations

You are too large for most types of armour.
You have claws for hands.
Your metabolism is lightning-fast.
You like to eat raw meat.
Your natural rate of healing is unusually fast.
You are covered in fur. (AC +1)
You have very tough skin. (AC +2)


Message History

The adder skeleton barely misses you.
You scratch the adder skeleton.
You destroy the adder skeleton!
Cheibriados thoroughly appreciates the change of pace.
The gnoll barely misses you.
Things that are here:
a flail; a gnoll corpse You claw the gnoll!
The gnoll is almost dead.
The gnoll hits you with a halberd!
* * * LOW HITPOINT WARNING * * *
You scratch the gnoll but do no damage.
The gnoll is almost dead.
The gnoll closely misses you.
You barely miss the gnoll.
The gnoll is almost dead.
You barely miss the gnoll.
The gnoll is almost dead.
The gnoll hits you with a halberd!
You die...

###.#.#.##..............#.#g##.#.
.+#.#.#.####8###8###8#.....g##.#.
.##.#.#.# ############..#.#.##.#.
.##.#.#.# #........##.#.....##.#.
###.#.#.# ###...##[##.##.#.###.##
.##.#.#.######........##...######
.#..#.#.........##...............
....#.#........>#########.#######
....#.#........)@g....<.'........
....#.###############'###...#####
....#..........#####....#....#
....#########...........#....#
.....# #...........#....#
####.########...........#....#
..#.........#...........#....####
#.#.........#...........#........
#.#.........##.....#....#........


You could see a gnoll.

Vanquished Creatures
  A phantom (D:5)
  An ogre (D:4)
  2 centaurs (D:6)
  A bullfrog (D:6)
  A scorpion (D:4)
  A centaur zombie (D:5)
  An orc priest (D:4)
  A bullfrog skeleton (D:4)
  2 orc wizards (D:4)
  An iguana (D:4)
  7 worker ants
  A hound zombie (D:6)
  4 worker ant zombies
  3 adders
  16 gnolls
  A howler monkey skeleton (D:5)
  A shadow imp (D:6)
  4 oozes
  3 adder skeletons
  3 worms (D:2)
  2 dart slugs
  3 leopard geckos
  13 orcs
  5 giant cockroaches
  4 hobgoblins
  19 jackals
  2 quokkas
  6 bats
  3 frilled lizards (D:4)
  5 goblins
  4 kobolds
  A leopard gecko skeleton (D:4)
  8 rats
130 creatures vanquished.

Notes
Turn   | Place    | Note
-------+----------+-------------------------------------------
     0 | D:1      | nono the Troll Transmuter began the quest for the Orb.
     0 | D:1      | Reached XP level 1. HP: 18/18 MP: 1/1
    43 | D:1      | Reached XP level 2. HP: 22/26 MP: 2/2
   213 | D:1      | Reached XP level 3. HP: 27/32 MP: 3/3
   566 | D:2      | Found an iron altar of Okawaru.
   566 | D:2      | Found a radiant altar of Vehumet.
   676 | D:2      | Noticed a moth of wrath
   679 | D:2      | Found a bloodstained altar of Trog.
   973 | D:2      | Reached skill level 4 in Unarmed Combat
  1199 | D:3      | Found a sparkling altar of Nemelex Xobeh.
  1413 | D:3      | Found a faded altar of an unknown god.
  1565 | D:3      | Reached XP level 4. HP: 40/40 MP: 4/4
  2019 | D:4      | Noticed an ogre
  2037 | D:4      | Killed an ogre
  2037 | D:4      | Reached skill level 5 in Unarmed Combat
  2037 | D:4      | Reached XP level 5. HP: 36/46 MP: 5/5
  2143 | D:4      | Noticed a phantom
  2285 | D:4      | Reached skill level 6 in Unarmed Combat
  2525 | D:4      | Reached XP level 6. HP: 42/54 MP: 6/6
  2581 | D:4      | Learned a level 3 spell: Spider Form
  2853 | D:5      | Entered Level 5 of the Dungeon
  2987 | D:5      | Reached XP level 7. HP: 46/61 MP: 7/7
  3476 | D:5      | Found a shattered altar of Ashenzari.
  3484 | D:5      | Reached skill level 7 in Unarmed Combat
  4059 | D:6      | Found a staircase to the Ecumenical Temple.
  4066 | Temple   | Entered the Ecumenical Temple
  4129 | Temple   | Became a worshipper of Cheibriados the Contemplative
  4201 | D:6      | Reached skill level 5 in Dodging
  4245 | D:6      | Reached XP level 8. HP: 60/68 MP: 8/8
  4306 | D:6      | Found a glowing silver altar of Zin.
  4309 | D:6      | Found a hide-covered altar of Uskayaw.
  4312 | D:6      | Found a blossoming altar of Fedhas.
  4564 | D:6      | Found Kahul's Magic Scroll Boutique.
  4572 | D:6      | Bought a scroll of teleportation for 30 gold pieces
  4572 | D:6      | Bought a scroll of teleportation for 30 gold pieces
  4844 | D:5      | Reached * piety under Cheibriados
  4943 | D:5      | Slain by a gnoll

Vault maps used:
D:1:      lightli_arrival_lavapool
D:2:      tgw_trog, gammafunk_temple_overflow_wave
D:3:      nemelex_xobeh_ov_fountains_minmay,
          chequers_ecumenical_altar_simple_redux
D:4:      minmay_opposing_rooms, first_bread, hangedman_feature_mirror
D:5:      lemuel_castle_with_subvaults, lemuel_doored_altar,
          serial_co_window_serial, co_window_corner_a, co_window_paths_a,
          co_window_paths_a, co_window_of_opportunity_a,
          co_window_of_opportunity_a, co_window_paths_a, co_window_broadway_c,
          co_window_paths_c, co_window_of_opportunity_c, co_window_broadway_c,
          glass_columns_a, glass_columns_b, glass_columns_a, glass_columns_a,
          corexii_hall_statues_i
D:6:      grunt_temple_overflow_diamond, minmay_temple_entry_junction,
          serial_shops, nicolae_shop_trees
Temple:   minmay_temple_curvy_loop

Skill      XL: |  1  2  3  4  5  6  7 |
---------------+----------------------+-----
Dodging        | 2 3 5 |  5.7
Unarmed Combat | 4 5 6 7 |  7.8
Fighting       | |  0.7
Spellcasting   | |  1.2
Transmutations | |  1.3

Action                   |  1- 3 |  4- 6 |  7- 9 || total
-------------------------+-------+-------+-------++-------
Melee: Unarmed           |    82 |   155 |   152 ||   389
       Punch             |     1 |     3 |     3 ||     7
Throw: Large rock        |       |       |     2 ||     2
Invok: Bend Time         |       |       |     1 ||     1
Evoke: Wand              |       |     3 |       ||     3
  Use: Scroll            |       |     3 |     1 ||     4
 Stab: Sleeping          |     1 |       |     1 ||     2
  Eat: Chunk             |    18 |    15 |    19 ||    52
Armor: Robe              |    31 |    46 |    31 ||   108
Dodge: Dodged            |    33 |    70 |   101 ||   204
